 Dungeon Crawl Stone Soup version 0.20-a0-1063-gb8e8b7e (webtiles) character file.

521 murphvienna the Chopper (level 7, 0/52 HPs)
             Began as a Formicid Fighter on Apr 28, 2017.
             Slain by an ogre
             ... wielding a +0 giant club
              (15 damage)
             ... on level 4 of the Dungeon.
             The game lasted 00:20:05 (3795 turns).

murphvienna the Chopper (Formicid Fighter)          Turns: 3795, Time: 00:20:06

Health: 0/52       AC: 13    Str: 23    XL:     7   Next: 46%
Magic:  7/7        EV:  4    Int:  7    God:
Gold:   290        SH:  9    Dex: 10    Spells: 6/6 levels left

rFire    . . .     SeeInvis +   x - +0 hand axe
rCold    + . .     Gourm    .   c - +0 shield
rNeg     . . .     Faith    .   t - +0 plate armour
rPois    +         Spirit   .   (helmet unavailable)
rElec    .         Reflect  .   u - +0 cloak
rCorr    .         Harm     .   (no gloves)
MR       .....                  z - +0 pair of boots
Stlth    ..........             (no amulet)
Regen    0.2/turn               q - ring of protection from cold
MPRegen  0.1/turn               C - ring of poison resistance

@: no status effects
A: permanent stasis, dig shafts and tunnels, four strong arms, antennae 3
a: Dig, Shaft Self


You were on level 4 of the Dungeon.
You were not hungry.

You visited 1 branch of the dungeon, and saw 5 of its levels.

You collected 290 gold pieces.

Inventory:

Hand Weapons
 a - a +0 war axe
 x - a +0 hand axe (weapon)
Missiles
 b - 24 stones
 y - 2 poisoned javelins (quivered)
 A - 2 tomahawks
Armour
 c - a +0 shield (worn)
 t - a +0 plate armour (worn)
 u - a +0 cloak (worn)
 w - a +0 ring mail
 z - a +0 pair of boots (worn)
Jewellery
 q - a ring of protection from cold (left hand)
 C - a ring of poison resistance (right hand)
Scrolls
 e - a scroll of random uselessness {unknown}
 g - a scroll of fear {unknown}
 i - 3 scrolls of identify
 j - a scroll of magic mapping {unknown}
 m - 2 scrolls of immolation {unknown}
 p - 2 scrolls of remove curse {unknown}
 r - a scroll of recharging {unknown}
 v - 2 scrolls of fog {unknown}
 E - a scroll of enchant armour {unknown}
Potions
 h - 2 potions of lignification {unknown}
 l - 4 potions of degeneration {unknown}
 n - 5 potions of curing {unknown}
 o - a potion of flight {unknown}
 B - a potion of heal wounds {unknown}
Books
 D - a book of Frost

   Spells                             Type                      Level
   a - Freeze                         Ice                          1
   b - Throw Frost                    Conjuration/Ice              2
   c - Ozocubu's Armour               Charms/Ice                   3
   d - Throw Icicle                   Conjuration/Ice              4
   e - Summon Ice Beast               Ice/Summoning                4
Comestibles
 f - 5 bread rations
 k - 5 royal jellies
 s - 4 fruits


   Skills:
 + Level 3.2 Fighting
 + Level 7.7 Axes
 + Level 3.2 Armour
 + Level 3.6 Shields


You had 6 spell levels left.
You didn't know any spells.

Dungeon Overview and Level Annotations

Branches:
Dungeon (5/15)
 Temple: D:4-7

Altars:
Dithmenos
Hepliaklqana
Trog


Innate Abilities, Weirdness & Mutations

You cannot be hasted, slowed, berserked, paralysed or teleported.
You can dig through walls and to a lower floor.
Your four strong arms can wield two-handed weapons with a shield.
You have a pair of large antennae on your head. (SInv)


Message History

The ogre is heavily wounded.
All of the chunks of flesh in your inventory have rotted away.
You hit the ogre.
The ogre is heavily wounded.
You block the ogre's attack.
You hit the ogre.
The ogre is severely wounded.
The ogre hits you with a giant club!
* * * LOW HITPOINT WARNING * * *
You take 9 damage, and have 14/52 hp.
Your shield and plate armour prevent you from hitting the ogre.
The ogre is severely wounded.
You block the ogre's attack.
You hit the ogre.
The ogre is severely wounded.
Your plate armour prevents you from hitting the ogre.
The ogre is severely wounded.
The frilled lizard hisses angrily.
The ogre hits you with a giant club!
You die...

############ ### #####
...........# #.####⌠#⌠###
...........#####.##≈≈≈≈≈≈≈##
#..............[.#⌠≈.....≈⌠#
#.##......[#####.##≈.._..§##
.........l.....O@#⌠≈.....≈⌠#
#.##.......#.###.##≈≈≈.≈§≈##
..##.......#.##.#≈####†####≈####
.###..l....#.###.≈≈≈≈≈.§≈≈≈≈...#
.# #.........?.#...........###.#
.########O.....#.###.####### #.#
..# #......#.#.........# #.#
#.## #......#.#.#.#####.# #.#
...# #......#.#...# #...# #.#


You could see an ogre and a frilled lizard.

Vanquished Creatures
  Menkaure (D:4)
  The ghost of dricus the Skirmisher, an amateur DsAK of Lugonu (D:4)
  A scorpion (D:4)
  A hound (D:4)
  An orc wizard (D:3)
  3 worker ants (D:4)
  4 adders
  An ooze (D:1)
  3 worms (D:2)
  4 leopard geckos
  9 orcs (D:3)
  3 giant cockroaches
  6 goblins
  10 hobgoblins
  8 jackals
  5 kobolds
  A quokka (D:2)
  2 ball pythons
  8 bats
  4 frilled lizards
  5 rats
81 creatures vanquished.

Notes
Turn   | Place    | Note
-------+----------+-------------------------------------------
     0 | D:1      | murphvienna the Formicid Fighter began the quest for the Orb.
     0 | D:1      | Reached XP level 1. HP: 18/18 MP: 1/1
   134 | D:1      | Reached XP level 2. HP: 21/24 MP: 2/2
   256 | D:1      | Reached skill level 3 in Axes
   309 | D:1      | Reached XP level 3. HP: 27/29 MP: 3/3
   811 | D:2      | Reached skill level 4 in Axes
   811 | D:2      | Reached XP level 4. HP: 33/35 MP: 4/4
   895 | D:2      | Found a hazy altar of Hepliaklqana.
  1561 | D:3      | Reached XP level 5. HP: 27/41 MP: 5/5
  1785 | D:3      | Found a shadowy altar of Dithmenos.
  2197 | D:3      | Reached skill level 5 in Axes
  2645 | D:4      | Reached XP level 6. HP: 47/47 MP: 6/6
  2682 | D:4      | Reached skill level 6 in Axes
  3033 | D:4      | Noticed dricus's ghost (amateur DsAK)
  3081 | D:4      | Killed dricus's ghost
  3496 | D:4      | Noticed Menkaure
  3501 | D:4      | Killed Menkaure
  3501 | D:4      | Reached skill level 7 in Axes
  3501 | D:4      | Reached XP level 7. HP: 27/52 MP: 7/7
  3745 | D:4      | Found a bloodstained altar of Trog.
  3774 | D:5      | Entered Level 5 of the Dungeon
  3795 | D:4      | Slain by an ogre

Vault maps used:
D:1:      lightli_arrival_statuegarden, minmay_pentomino_s4
D:2:      nicolae_overflow_crystal_walls, minmay_misc_feat_enclosed
D:3:      grunt_dithmenos_smoke, minmay_joined_circles
D:4:      lightli_temple_of_fire, uniq_menkaure
D:5:      lemuel_coloured_pillars_altar, lemuel_round_altar,
          nicolae_overflow_hidden_temple, first_bread, uniq_pikel, uniq_duvessa

Skill      XL: |  1  2  3  4  5  6 |
---------------+-------------------+-----
Axes           | 3 4 5 7 |  7.7
Fighting       | |  3.2
Armour         | |  3.2
Shields        | |  3.6

Action                   |  1- 3 |  4- 6 |  7- 9 || total
-------------------------+-------+-------+-------++-------
Melee: War axe           |   104 |    59 |       ||   163
       Hand axe          |       |   164 |    20 ||   184
Throw: Javelin           |       |     2 |       ||     2
       Stone             |       |     2 |       ||     2
 Abil: Dig               |       |     1 |       ||     1
  Use: Scroll            |       |     2 |       ||     2
       Potion            |       |     1 |       ||     1
  Eat: Chunk             |       |     7 |     1 ||     8
       Fruit             |       |     2 |       ||     2
Armor: Scale mail        |    43 |     5 |       ||    48
       Ring mail         |       |    64 |     3 ||    67
Dodge: Dodged            |    32 |    59 |     3 ||    94
Block: Shield            |    59 |    94 |     6 ||   159
